TOP OF THE 1ST |
Monroe Mallards batting - Pitching for Long Beach KO : RHP Tim Mendoza
|
Pitching: RHP Tim Mendoza
|
|
Batting: RHB Stephen Black
|
0-0: Ball 1-0: Called Strike 1-1: Ball 2-1: Foul Ball, location: 2F 2-2: Ball 3-2: Strikes out looking
|
Batting: RHB Dave Sawyer
|
0-0: Ball 1-0: Fly out, F8 (Flyball, 8RS)
|
Batting: LHB Allen Boyd
|
0-0: Foul Ball, location: 2F 0-1: Ball 1-1: Swinging Strike 1-2: Foul Ball, location: 2F 1-2: SINGLE (Line Drive, 78M)
|
Batting: RHB Cisco López
|
0-0: Called Strike 0-1: Swinging Strike 0-2: Strikes out swinging
|
Top of the 1st over - 0 run(s), 1 hit(s), 0 error(s), 1 left on base; Monroe 0 - Long Beach 0 |
BOTTOM OF THE 1ST |
Long Beach KO batting - Pitching for Monroe Mallards : RHP Stan Roberts
|
Pitching: RHP Stan Roberts
|
|
Batting: RHB José González
|
0-0: Ball 1-0: Called Strike 1-1: SINGLE (Groundball, 5) (infield hit)
|
Batting: RHB Harvey Mawhinney
|
0-0: Ball 1-0: Swinging Strike 1-1: Ball 2-1: Swinging Strike 2-2: Foul Ball, location: 2F 2-2: Strikes out swinging
|
Batting: LHB José Guillén
|
0-0: Called Strike 0-1: Foul Ball, location: 2F 0-2: Ball 1-2: Strikes out swinging
|
Batting: LHB Gabriel Estrada
|
0-0: Foul Ball, location: 2F 0-1: Ball 1-1: Ball 2-1: Fly out, F7 (Line Drive, 7)
|
Bottom of the 1st over - 0 run(s), 1 hit(s), 0 error(s), 1 left on base; Monroe 0 - Long Beach 0 |
TOP OF THE 2ND |
Monroe Mallards batting - Pitching for Long Beach KO : RHP Tim Mendoza
|
Batting: LHB Ramón Ortega
|
0-0: Ball 1-0: Ground out 6-3 (Groundball, 6)
|
Batting: RHB Jorge Vázquez
|
0-0: Ball 1-0: Reached on error, E6 (Groundball, 6)
|
Batting: RHB Simon Plante
|
0-0: Called Strike 0-1: Fly out, F9 (Line Drive, 89M)
|
Batting: SHB António Cervantes
|
0-0: Ball 1-0: Ground out 4-3 (Groundball, 4)
|
Top of the 2nd over - 0 run(s), 0 hit(s), 1 error(s), 1 left on base; Monroe 0 - Long Beach 0 |
BOTTOM OF THE 2ND |
Long Beach KO batting - Pitching for Monroe Mallards : RHP Stan Roberts
|
Batting: LHB Juan Ortíz
|
0-0: Foul Ball, location: 2F 0-1: Ground out 4-3 (Groundball, 4)
|
Batting: RHB Tim Torres
|
0-0: Called Strike 0-1: Ball 1-1: Foul Ball, location: 2F 1-2: Fly out, F8 (Flyball, 8LM)
|
Batting: LHB John Lynch
|
0-0: Ball 1-0: Ground out 6-3 (Groundball, 6)
|
Bottom of the 2nd over - 0 run(s), 0 hit(s), 0 error(s), 0 left on base; Monroe 0 - Long Beach 0 |
TOP OF THE 3RD |
Monroe Mallards batting - Pitching for Long Beach KO : RHP Tim Mendoza
|
Batting: RHB Héctor Vega
|
0-0: Ground out 5-3 (Groundball, 56)
|
Batting: RHB Stephen Black
|
0-0: Ball 1-0: Swinging Strike 1-1: Swinging Strike 1-2: Foul Ball, location: 2F 1-2: Strikes out swinging
|
Batting: RHB Dave Sawyer
|
0-0: Called Strike 0-1: Ball 1-1: Called Strike 1-2: Ball 2-2: Strikes out swinging
|
Top of the 3rd over - 0 run(s), 0 hit(s), 0 error(s), 0 left on base; Monroe 0 - Long Beach 0 |
BOTTOM OF THE 3RD |
Long Beach KO batting - Pitching for Monroe Mallards : RHP Stan Roberts
|
Batting: RHB Cal Cox
|
0-0: Called Strike 0-1: Ball 1-1: Called Strike 1-2: SINGLE (Groundball, 6MD)
|
Batting: SHB Troy Abreu
|
0-0: Called Strike 0-1: Ball 1-1: Ball 2-1: Foul Ball, location: 2F 2-2: Fly out, F2 (Popup, 23)
|
Batting: RHB José González
|
0-0: SINGLE (Flyball, 8LS) Cal Cox to second Runner from 2nd tries for 3rd, SAFE, no throw
|
Batting: RHB Harvey Mawhinney
|
0-0: Ball José González steals 2nd base 1-0: Foul Ball, location: 2F 1-1: Fly out, F8 (Flyball, 78M) Runner from 3rd tags up, SCORES, no throw
|
Batting: LHB José Guillén
|
0-0: Ground out 4-3 (Groundball, 4)
|
Bottom of the 3rd over - 1 run(s), 2 hit(s), 0 error(s), 1 left on base; Monroe 0 - Long Beach 1 |
TOP OF THE 4TH |
Monroe Mallards batting - Pitching for Long Beach KO : RHP Tim Mendoza
|
Batting: LHB Allen Boyd
|
0-0: Called Strike 0-1: Ball 1-1: Ball 2-1: Foul Ball, location: 2F 2-2: Foul Ball, location: 2F 2-2: Ball 3-2: Ground out 4-3 (Groundball, 4)
|
Batting: RHB Cisco López
|
0-0: Swinging Strike 0-1: Ground out 6-3 (Groundball, 6S)
|
Batting: LHB Ramón Ortega
|
0-0: Ground out 4-3 (Groundball, 4)
|
Top of the 4th over - 0 run(s), 0 hit(s), 0 error(s), 0 left on base; Monroe 0 - Long Beach 1 |
BOTTOM OF THE 4TH |
Long Beach KO batting - Pitching for Monroe Mallards : RHP Stan Roberts
|
Batting: LHB Gabriel Estrada
|
0-0: Called Strike 0-1: Fly out, F7 (Line Drive, 78S)
|
Batting: LHB Juan Ortíz
|
0-0: Swinging Strike 0-1: Ground out 4-3 (Groundball, 4)
|
Batting: RHB Tim Torres
|
0-0: Called Strike 0-1: Foul Ball, location: 2F 0-2: SINGLE (Groundball, 6D)
|
Batting: LHB John Lynch
|
0-0: Ground out 5-3 (Groundball, 56)
|
Bottom of the 4th over - 0 run(s), 1 hit(s), 0 error(s), 1 left on base; Monroe 0 - Long Beach 1 |
TOP OF THE 5TH |
Monroe Mallards batting - Pitching for Long Beach KO : RHP Tim Mendoza
|
Batting: RHB Jorge Vázquez
|
0-0: Called Strike 0-1: Called Strike 0-2: Ball 1-2: Foul Ball, location: 2F 1-2: Strikes out swinging
|
Batting: RHB Simon Plante
|
0-0: Ball 1-0: Ground out U3 (Groundball, 34)
|
Batting: SHB António Cervantes
|
0-0: Swinging Strike 0-1: Ball 1-1: Foul Ball, location: 2F 1-2: Fly out, F9 (Line Drive, 9)
|
Top of the 5th over - 0 run(s), 0 hit(s), 0 error(s), 0 left on base; Monroe 0 - Long Beach 1 |
BOTTOM OF THE 5TH |
Long Beach KO batting - Pitching for Monroe Mallards : RHP Stan Roberts
|
Batting: RHB Cal Cox
|
0-0: Called Strike 0-1: Ball 1-1: Called Strike 1-2: Foul Ball, location: 2F 1-2: Strikes out swinging
|
Batting: SHB Troy Abreu
|
0-0: Ball 1-0: Ball 2-0: Called Strike 2-1: Foul Ball, location: 2F 2-2: Strikes out swinging
|
Batting: RHB José González
|
0-0: Ball 1-0: Foul Ball, location: 2F 1-1: SINGLE (Line Drive, 56)
|
Batting: RHB Harvey Mawhinney
|
0-0: Ball José González steals 2nd base 1-0: Swinging Strike 1-1: Hit by Pitch
|
Batting: LHB José Guillén
|
0-0: Foul Ball, location: 2F 0-1: Ground out U3 (Groundball, 34S)
|
Bottom of the 5th over - 0 run(s), 1 hit(s), 0 error(s), 2 left on base; Monroe 0 - Long Beach 1 |
TOP OF THE 6TH |
Monroe Mallards batting - Pitching for Long Beach KO : RHP Tim Mendoza
|
Batting: RHB Héctor Vega
|
0-0: Foul Ball, location: 2F 0-1: Ball 1-1: Ground out 5-3 (Groundball, 56)
|
Batting: RHB Stephen Black
|
0-0: Ball 1-0: Foul Ball, location: 2F 1-1: Foul Ball, location: 2F 1-2: Foul Ball, location: 2F 1-2: Ball 2-2: Foul Ball, location: 2F 2-2: Strikes out swinging, 2-3 out at first.
|
Batting: RHB Dave Sawyer
|
0-0: Called Strike 0-1: Foul Ball, location: 2F 0-2: Fly out, F8 (Line Drive, 8LM)
|
Top of the 6th over - 0 run(s), 0 hit(s), 0 error(s), 0 left on base; Monroe 0 - Long Beach 1 |
BOTTOM OF THE 6TH |
Long Beach KO batting - Pitching for Monroe Mallards : RHP Stan Roberts
|
Batting: LHB Gabriel Estrada
|
0-0: Swinging Strike 0-1: Fly out, F7 (Flyball, 78M)
|
Batting: LHB Juan Ortíz
|
0-0: SINGLE (Line Drive, 8LS)
|
Batting: RHB Tim Torres
|
0-0: Called Strike 0-1: Ball 1-1: Ball 2-1: Foul Ball, location: 2F 2-2: Strikes out swinging
|
Batting: LHB John Lynch
|
0-0: Ball 1-0: Called Strike 1-1: Ball 2-1: Fly out, F9 (Line Drive, 89M)
|
Bottom of the 6th over - 0 run(s), 1 hit(s), 0 error(s), 1 left on base; Monroe 0 - Long Beach 1 |
TOP OF THE 7TH |
Monroe Mallards batting - Pitching for Long Beach KO : RHP Tim Mendoza
|
Batting: LHB Allen Boyd
|
0-0: Swinging Strike 0-1: Called Strike 0-2: Ball 1-2: Strikes out swinging
|
Batting: RHB Cisco López
|
0-0: Foul Ball, location: 2F 0-1: Foul Ball, location: 2F 0-2: Ball 1-2: Strikes out looking
|
Batting: LHB Ramón Ortega
|
0-0: Foul Ball, location: 2F 0-1: Foul Ball, location: 2F 0-2: Fly out, F7 (Flyball, 7S)
|
Top of the 7th over - 0 run(s), 0 hit(s), 0 error(s), 0 left on base; Monroe 0 - Long Beach 1 |
BOTTOM OF THE 7TH |
Long Beach KO batting - Pitching for Monroe Mallards : RHP Stan Roberts
|
Batting: RHB Cal Cox
|
0-0: Ball 1-0: Ball 2-0: SINGLE (Flyball, 9LS)
|
Pitching: RHP Tommy Winchester
|
|
Batting: SHB Troy Abreu
|
0-0: Ball 1-0: Ball 2-0: Ground out 3-1 (Groundball, 34) Cal Cox to second
|
Pinch Hitting: RHB Carlos Sánchez
|
0-0: Ball 1-0: Foul Ball, location: 2F 1-1: Foul Ball, location: 2F 1-2: Foul Ball, location: 2F 1-2: Ball 2-2: Ball 3-2: Fly out, F9 (Flyball, 89M)
|
Batting: RHB Harvey Mawhinney
|
0-0: Foul Ball, location: 2F 0-1: Ball 1-1: Foul Ball, location: 2F 1-2: 2-RUN HOME RUN (Flyball, 9LD), Distance : 339 ft
|
Pitching: RHP Ryan Crow
|
|
Batting: LHB José Guillén
|
0-0: Ball 1-0: Called Strike 1-1: Ball 2-1: Foul Ball, location: 2F 2-2: Foul Ball, location: 2F 2-2: Foul Ball, location: 2F 2-2: Strikes out looking
|
Bottom of the 7th over - 2 run(s), 2 hit(s), 0 error(s), 0 left on base; Monroe 0 - Long Beach 3 |
TOP OF THE 8TH |
Monroe Mallards batting - Pitching for Long Beach KO : RHP Tim Mendoza
|
Pitching: LHP Tim Bowles
|
|
Now in RF: Carlos Sánchez
|
|
Batting: RHB Jorge Vázquez
|
0-0: Ball 1-0: Foul Ball, location: 2F 1-1: SINGLE (Groundball, 56D)
|
Pitching: RHP Carlos Fernández
|
|
Batting: RHB Simon Plante
|
0-0: Fly out, F9 (Flyball, 9LM)
|
Pitching: LHP Joe Roberts
|
|
Batting: SHB António Cervantes
|
0-0: Called Strike 0-1: Ball 1-1: Foul Ball, location: 2F 1-2: Strikes out swinging
|
Pitching: RHP Carl Morris
|
|
Batting: RHB Héctor Vega
|
0-0: Called Strike 0-1: Ball 1-1: Foul Ball, location: 2F 1-2: SINGLE (Groundball, 56D) Jorge Vázquez to second
|
Batting: RHB Stephen Black
|
0-0: Called Strike 0-1: Ball 1-1: Ball 2-1: Called Strike 2-2: Fly out, F9 (Flyball, 9S)
|
Top of the 8th over - 0 run(s), 2 hit(s), 0 error(s), 2 left on base; Monroe 0 - Long Beach 3 |
BOTTOM OF THE 8TH |
Long Beach KO batting - Pitching for Monroe Mallards : RHP Ryan Crow
|
Batting: LHB Gabriel Estrada
|
0-0: Ball 1-0: Called Strike 1-1: Foul Ball, location: 2F 1-2: Fly out, F8 (Flyball, 8LM)
|
Batting: LHB Juan Ortíz
|
0-0: Called Strike 0-1: Ground out 4-3 (Groundball, 4)
|
Batting: RHB Tim Torres
|
0-0: Ball 1-0: Ground out 6-3 (Groundball, 6)
|
Bottom of the 8th over - 0 run(s), 0 hit(s), 0 error(s), 0 left on base; Monroe 0 - Long Beach 3 |
TOP OF THE 9TH |
Monroe Mallards batting - Pitching for Long Beach KO : RHP Carl Morris
|
Pitching: RHP Clay White
|
|
Batting: RHB Dave Sawyer
|
0-0: Ball 1-0: Ball 2-0: Ball 3-0: Called Strike 3-1: Swinging Strike 3-2: Fly out, F6 (Line Drive, 6)
|
Batting: LHB Allen Boyd
|
0-0: Ball 1-0: Ball 2-0: Ball 3-0: Called Strike 3-1: Base on Balls
|
Batting: RHB Cisco López
|
0-0: Fly out, F5 (Popup, 5L)
|
Batting: LHB Ramón Ortega
|
0-0: Ground out 4-3 (Groundball, 34)
|
Top of the 9th over - 0 run(s), 0 hit(s), 0 error(s), 1 left on base; Monroe 0 - Long Beach 3 |
|